 Dungeon Crawl Stone Soup version 0.29-a0-416-g83a48905f1 (webtiles) character file.

Game seed: 7443622924336587753

20 hquester the Skirmisher (level 2, -1/24 HPs)
             Began as a Demonspawn Abyssal Knight on May 17, 2022.
             Was a Believer of Lugonu.
             Slain by a gnoll
             ... wielding a +0 flail
              (6 damage)
             ... on level 2 of the Dungeon.
             The game lasted 00:04:14 (1305 turns).

hquester the Skirmisher (Demonspawn Abyssal Knight) Turns: 1305, Time: 00:04:15

Health: -1/24      AC:  3    Str: 13    XL:     2   Next: 58%
Magic:  4/4        EV: 11    Int: 11    God:    Lugonu [**....]
Gold:   138        SH:  0    Dex: 13    Spells: 1/1 levels left

rFire   . . .      SeeInvis .   a - +1 short sword
rCold   . . .      Faith    .   (no shield)
rNeg    . . .      Spirit   .   b - +0 leather armour
rPois   .          Reflect  .   (no helmet)
rElec   .          Harm     .   (no cloak)
rCorr   .          Rampage  .   (no gloves)
Will    .....                   (no boots)
Stlth   +.........              i - amulet of magic regeneration
HPRegen 0.08/turn               (no ring)
MPRegen 0.49/turn               (no ring)

@: no status effects
A: hooves 1
a: Renounce Religion, Depart the Abyss, Bend Space


You were on level 2 of the Dungeon.
You worshipped Lugonu.
Lugonu was pleased with you.
You visited 1 branch of the dungeon, and saw 2 of its levels.
You visited the Abyss 1 time.

You collected 138 gold pieces.

Inventory:

Hand Weapons
 a - a +1 short sword (weapon)
Armour
 b - a +0 leather armour (worn)
 c - a +0 ring mail
Jewellery
 i - an amulet of magic regeneration (around neck)
Scrolls
 d - a scroll of torment {unknown}
 f - a scroll of identify {unknown}
 g - a scroll of immolation {unknown}
 j - a scroll of teleportation {unknown}
Potions
 e - a potion of lignification {unknown}
 h - a potion of cancellation {unknown}
 k - a potion of heal wounds {unknown}


   Skills:
 + Level 3.1 Fighting
 + Level 2.0 Short Blades
 + Level 1.9 Armour
 + Level 1.2 Dodging
 + Level 0.3 Stealth
 + Level 0.2 Spellcasting
 + Level 2.8 Invocations
 + Level 0.3 Evocations


You had one spell level left.
You didn't know any spells.
Your spell library was empty.

Dungeon Overview and Level Annotations

Branches:
Dungeon (2/15)

Altars:


Innate Abilities, Weirdness & Mutations

You have large cloven feet.


Message History

The goblin misses you.
You completely miss the goblin. You kick the goblin, but do no damage.
The goblin is moderately wounded.
The goblin hits you with a +0 dagger.
You hit the goblin.
You kill the goblin!
Lugonu accepts your kill.
Found an escape hatch in the ceiling.
You see here a +0 dagger.
HP restored.
Things that are here:
a +0 club; a kobold corpse As you open the door, it creaks loudly!
You hear a shout! x5
There is an open door here. 2 gnolls come into view.
The gnoll shouts! x2; You hear a shout!
Unknown command.
Unknown command.
You closely miss the gnoll. You kick the gnoll.
The gnoll is lightly wounded.
The gnoll misses you.
The gnoll hits you from afar with a +0 spear.
You hit the gnoll.
The gnoll is heavily wounded.
A gnoll comes into view. It is wielding a +0 whip.
The gnoll hits you with a +0 flail.
The gnoll hits you from afar with a +0 spear.
You barely miss the gnoll. Your kick misses the gnoll.
The gnoll is heavily wounded.
The gnoll hits you with a +0 flail. The gnoll barely misses you.
You hit the gnoll.
The gnoll is heavily wounded.
The gnoll hits you with a +0 flail.
* * * LOW HITPOINT WARNING * * *
A gnoll comes into view. It is wielding a +0 whip.
The gnoll barely misses you.
There is an open door here.
The gnoll attacks as you move away! The gnoll hits you but does no damage.
The gnoll attacks as you move away! The gnoll hits you with a +0 flail.
You die...

.# .# .#
##### g#
#...# g#
##♣.<.♣## .#
#.......##g#
#.>)♣...g..#
#.....@g#..#
##♣)<.♣###.#
#...# ...
##### .###
.. ##


You could see 3 gnolls.

Vanquished Creatures
  2 endoplasms (D:1)
  A giant cockroach (D:1)
  3 goblins
  A hobgoblin (D:1)
  4 kobolds
  A quokka (D:1)
  2 ball pythons (D:1)
  4 bats (D:1)
18 creatures vanquished.

Vanquished Creatures (others)
  4 toadstools (D:1)
4 creatures vanquished.

Grand Total: 22 creatures vanquished

Notes
Turn   | Place    | Note
-------+----------+-------------------------------------------
     0 | Abyss:1  | hquester the Demonspawn Abyssal Knight began the quest for
                  | the Orb.
     0 | Abyss:1  | Reached XP level 1. HP: 18/18 MP: 2/2
    13 | D:1      | Escaped the Abyss
    52 | D:1      | Reached skill level 1 in Dodging
   246 | D:1      | Found a faded altar of an unknown god.
   588 | D:1      | Discovered your monstrous ancestry.
   588 | D:1      | Gained mutation: You have large cloven feet. [demonic
                  | ancestry]
   588 | D:1      | Reached XP level 2. HP: 23/24 MP: 4/4
  1305 | D:2      | Slain by a gnoll

Illustrated notes

Levels and vault maps discovered:
D:1:      lightli_iron_boxes, layout_basic, hellmonk_ecumenical_altar_run_dry,
          minmay_gold_behind_fungi, minmay_misc_feat_chi, nrook_campfire,
          grunt_decor_arrowhead, serial_park_tiny_1, minmay_misc_feat_iff
D:2:      layout_basic, basic_altar, serial_shops, nicolae_shop_trees,
          minmay_statues_item, grunt_ministairs_7

Skill      XL: |  1  2 |
---------------+-------+-----
Dodging        | 1 |  1.2
Short Blades   | 2 |  2.0
Fighting       | |  3.1
Armour         | |  1.9
Stealth        | |  0.3
Spellcasting   | |  0.2
Invocations    | |  2.8
Evocations     | |  0.3

Action                   || total
-------------------------++-------
Melee: Short sword       ||    59
       Kick              ||     4
       Punch             ||     1
Armor: Leather armour    ||    13
Dodge: Dodged            ||    32

Table legend: (Time is in decaauts)
 A = Elapsed time spent in this place.
 B = Non-inter-level travel time spent in this place.
 C = Inter-level travel time spent in this place.
 D = Time resting spent in this place.
 E = Time spent auto-exploring this place.
 F = Levels seen in this place.
 G = Mean time per level.
                   A        B        C        D        E       F      G
               +--------+--------+--------+--------+--------+-----+--------+
         Total |   1304 |   1271 |     33 |    268 |    827 |   3 |  434.7 |
       Dungeon |   1291 |   1258 |     33 |    268 |    823 |   2 |  645.5 |
         Abyss |     13 |     13 |      0 |      0 |      4 |   1 |   13.0 |
               +--------+--------+--------+--------+--------+-----+--------+

Top non-repeatable levels by time:
     D:1: 1260 daAuts
     D:2: 31 daAuts
 Abyss:1: 13 daAuts
